 Dungeon Crawl Stone Soup version 0.28.0-49-g6dfe1f597d (webtiles) character file.

Game seed: 9248785528428173175

11218 101zpm the Thaumaturge (level 12, -1/63 HPs)
             Began as a Djinni Fire Elementalist on May 16, 2022.
             Was a Follower of Hepliaklqana.
             Slain by a spectral orc warrior
             ... wielding a +0 trident
             ... summoned by Nergalle
              (10 damage)
             ... on level 1 of the Orcish Mines.
             The game lasted 00:35:07 (15952 turns).

101zpm the Thaumaturge (Djinni Fire Elementalist)  Turns: 15952, Time: 00:35:07

Health: -1/63      AC: 11    Str:  7    XL:     12   Next: 5%
Gold:   706        EV: 27    Int: 23    God:    Hepliaklqana [*.....] SH:  0 Dex: 13

rFire   + + .      SeeInvis .   (no weapon)
rCold   x . .      Faith    .   (no shield)
rNeg    + . .      Spirit   .   D - +0 troll leather armour
rPois   ∞          Reflect  .   (no helmet)
rElec   +          Harm     .   (no cloak)
rCorr   .          Rampage  .   v - +2 pair of gloves
Will    +....                   (boots unavailable)
Stlth   ++........              e - amulet of the acrobat
HPRegen 1.00/turn               j - +4 ring of protection
MPRegen 0.00/turn               u - ring "Karhoma" {rElec rN+}

@: acrobatic, flying
A: reduced essence, sickness immunity, fire resistance 2, cold vulnerability 1,
float, innate caster, HP casting, extra vitality 1
a: Renounce Religion, Recall Ancestor, Ancestor Identity


You were on level 1 of the Orcish Mines.
You worshipped Hepliaklqana.
Hepliaklqana was aware of your devotion.
You visited 3 branches of the dungeon, and saw 12 of its levels.

You collected 720 gold pieces.
You spent 14 gold pieces at shops.

Inventory:

Missiles
 k - a throwing net
Armour
 a - a +0 robe
 p - the +2 leather armour of Menor {rF+}
   (You found it on level 2 of the Dungeon)

   rF:        It protects you from fire.
 q - a +0 robe of resistance
 v - a +2 pair of gloves (worn)
 D - a +0 troll leather armour (worn)
Jewellery
 e - an amulet of the acrobat (around neck)
 j - a +4 ring of protection (left hand)
 u - the ring "Karhoma" (right hand) {rElec rN+}
   (You acquired it on level 9 of the Dungeon)

   [ring of positive energy]

   rElec:     It insulates you from electricity.
   rN:        It protects you from negative energy.
Wands
 g - a wand of polymorph (35)
 n - a wand of mindburst (10)
 y - a wand of digging (9)
Scrolls
 b - 5 scrolls of teleportation
 h - 3 scrolls of noise
 i - a scroll of fog
 m - 3 scrolls of torment
 o - a scroll of vulnerability
 s - 2 scrolls of blinking
 w - a scroll of immolation {unknown}
 x - a scroll of fear {unknown}
 z - a scroll of silence {unknown}
 B - a scroll of brand weapon {unknown}
 C - a scroll of enchant weapon {unknown}
Potions
 c - a potion of haste {unknown}
 d - 2 potions of attraction
 f - 5 potions of curing
 l - 2 potions of heal wounds {unknown}
 r - 7 potions of degeneration
 t - 2 potions of mutation {unknown}
 A - a potion of cancellation {unknown}
 E - a potion of brilliance {unknown}
 F - a potion of flight {unknown}


   Skills:
 + Level 0.8 Fighting
 + Level 3.9 Armour
 + Level 3.3 Dodging
 + Level 3.5 Stealth
 + Level 13.5 Spellcasting


You had 10 spell levels left.
You knew the following spells:

 Your Spells              Type           Power      Damage    Failure   Level
a - Foxfire               Conj/Fire      100%       2x1d9     1%          1
b - Scorch                Fire           100%       2d10      1%          2
c - Conjure Flame         Conj/Fire      67%        6-21      1%          3
d - Inner Flame           Hex/Fire       67%        N/A       1%          3
e - Flame Wave            Conj/Fire      67%        2d12      1%          4
f - Pain                  Necr           100%       1d9       1%          1
g - Blink                 Tloc           100%       N/A       1%          2
h - Portal Projectile     Hex/Tloc       100%       N/A       1%          3
i - Airstrike             Air            33%        N/A       1%          4
j - Summon Mana Viper     Hex/Summ       67%        N/A       1%          5
Your spell library was empty.

Dungeon Overview and Level Annotations

Branches:
Dungeon (10/15)            Temple (1/1) D:6             Orc (1/2) D:10
   Lair: D:8-11

Altars:
Ashenzari
Cheibriados
Dithmenos
Elyvilon
Fedhas
Gozag
Hepliaklqana
Kikubaaqudgha
Makhleb
Nemelex Xobeh
Okawaru
Qazlal
Sif Muna
Trog
Uskayaw
Vehumet
Wu Jian
Xom
Yredelemnul
Zin
The Shining One

Shops:
D:4 [   D:7 !

Annotations:
D:9 3 runed translucent doors, Gabide's ghost, journeyman HuMo
Orc:1 Nergalle


Innate Abilities, Weirdness & Mutations

Your life essence is reduced to manifest your ancestor. (-10% HP)
You are immune to sickness and miasma.
You are immune to poison.
Your flesh is very heat resistant. (rF++)
You are vulnerable to cold. (rC-)
You float through the air rather than walking.
You learn spells naturally, not from books.
Your magical power is your life essence.
You have superior vitality. (+4 MHP)


Message History

You feel clever.
Shedsu-nefertum remembers more of his old skill.
Casting: Airstrike (safe; 1% risk of failure)
Confirm with . or Enter, or press ? or * to list all spells.
Aiming: Inner Flame (safe; 1% risk of failure)
Press: ? - help, Dir - move target, f - orc warrior
Aim: an orc warrior, wielding a +0 scimitar and wearing a +0 plate armour (heavily wounded, strong, chance to affect: 97%)
The orc warrior is filled with an inner flame.
* * * LOW HITPOINT WARNING * * *
An orc comes into view. It is wielding a +0 whip.
Casting: Foxfire (safe; 1% risk of failure)
Press: ? - help, Q - select action, (/) - cycle Dir - look around, f - activate You conjure some foxfire!
* * * LOW HITPOINT WARNING * * *
The orc no longer looks unusually strong.
An orc comes into view. It is wielding a +0 club.
Casting: Foxfire (safe; 1% risk of failure)
Confirm with . or Enter, or press ? or * to list all spells.
Flames lash the orc warrior.
Flame seeps out of the orc warrior.
The orc warrior is severely wounded.
The orc warrior's fire resistance burns away.
* * * LOW HITPOINT WARNING * * *
The orc warrior no longer looks unusually strong.
The foxfire hits the orc warrior but does no damage.
The orc warrior is severely wounded.
The foxfire hits the orc warrior but does no damage.
The orc warrior is severely wounded.
The orc misses Shedsu-nefertum.
Nergalle the Soulbinder comes into view.
She is wielding a +0 dagger.
The orc warrior is engulfed in blazing flames.
Flame seeps out of the orc warrior.
Blink to where?
Press: ? - help, Dir - move target
As you read the scroll of blinking, it crumbles to dust.
Nergalle gestures at you while chanting.
Orcish apparitions take form around you.
The orc warrior is no longer more vulnerable to fire.
The spectral orc warrior closely misses you.
The spectral orc warrior hits you from afar with a +0 trident!
You die...

........... ...#......
....#...## ....#..##
.......# #...#.##########
.....###.##.##.##
....R#..........## ## ##
.........##.#..#@###.#..##
.......#####......#......#
##...### ###....#Z.....#.
#...## ###.#...#........#
##.## ##v...............#
## ..§§..........##....
.##.#.##.......# ...
######o..o..#. ..
##.##o#....#... .


You could see Nergalle, a spectral orc warrior (summoned) and an orc warrior
(inner flame).

Vanquished Creatures
  Erolcha (Orc:1)
  Erica (Orc:1)
  A two-headed ogre (D:10)
  An orange crystal statue (D:9)
  An orc knight (Orc:1)
  An orc sorcerer (Orc:1)
  A cyclops (D:6)
  2 centaur zombies (D:10)
  Psyche (D:10)
  Prince Ribbit (D:7)
  2 hornets
  A shadow (D:10)
  2 wyverns (D:7)
  2 yaks (D:9)
  Grum (D:8)
  Eustachio (D:5)
  A vampire mosquito (D:6)
  A steam dragon (D:8)
  Menkaure (D:7)
  An acid dragon (D:8)
  6 orc warriors
  3 ice beasts
  4 ogres
  3 sky beasts
  3 wolves (D:8)
  2 black bears (D:6)
  2 centaurs
  3 bullfrogs
  4 scorpions
  2 wyvern zombies
  A water moccasin zombie (D:6)
  A water moccasin skeleton (D:6)
  7 wights
  5 howler monkeys (D:8)
  7 orc priests
  A bullfrog skeleton (D:6)
  2 hounds
  A jelly (D:4)
  4 iguanas
  9 orc wizards
  3 howler monkey zombies
  3 gnolls (D:5)
  5 adders
  A white imp (D:6)
  2 ufetubi (D:6)
  3 worms
  2 adder skeletons (D:4)
  35 orcs
  7 ball pythons
  9 endoplasms
  6 giant cockroaches
  6 goblins
  10 hobgoblins
  4 jackals (D:1)
  4 quokkas
  11 bats
  2 frilled lizards
  6 kobolds
  6 rats
219 creatures vanquished.

Vanquished Creatures (collateral kills)
  2 trolls
  A yak (D:9)
  A warg (Orc:1)
  An orc warrior (Orc:1)
  A swamp drake (D:10)
  An orc priest (D:10)
  An orc wizard (D:10)
  2 orcs (Orc:1)
10 creatures vanquished.

Vanquished Creatures (others)
  663 foxfires
  10 fungi
  6 toadstools (D:1)
679 creatures vanquished.

Grand Total: 908 creatures vanquished

Notes
Turn   | Place    | Note
-------+----------+-------------------------------------------
     0 | D:1      | 101zpm the Djinni Fire Elementalist began the quest for the
                  | Orb.
     0 | D:1      | Reached XP level 1. HP: 15/15 MP: 0/0
   534 | D:1      | Reached XP level 2. HP: 15/21 MP: 0/0
  1227 | D:3      | Reached skill level 3 in Spellcasting
  1384 | D:3      | Reached XP level 3. HP: 16/25 MP: 0/0
  1384 | D:3      | Learned a level 1 spell: Pain
  2230 | D:4      | Reached XP level 4. HP: 28/31 MP: 0/0
  2971 | D:5      | Entered Level 5 of the Dungeon
  2986 | D:5      | Noticed an ice beast
  2992 | D:5      | Killed an ice beast
  2993 | D:5      | Reached skill level 4 in Spellcasting
  2993 | D:5      | Reached XP level 5. HP: 21/35 MP: 0/0
  2993 | D:5      | Learned a level 2 spell: Blink
  2995 | D:5      | Noticed Eustachio
  3006 | D:5      | Killed Eustachio
  3007 | D:5      | Reached skill level 5 in Spellcasting
  3007 | D:5      | Reached XP level 6. HP: 5/40 MP: 0/0
  3025 | D:5      | Reached XP level 7. HP: 1/45 MP: 0/0
  3025 | D:5      | Learned a level 3 spell: Portal Projectile
  3368 | D:5      | Reached skill level 6 in Spellcasting
  3896 | D:5      | Reached XP level 8. HP: 43/50 MP: 0/0
  4099 | D:4      | Found Nodgh's Armour Boutique.
  4611 | D:3      | You are sucked into a shaft and drop 2 floors!
  5126 | D:1      | Found a faded altar of an unknown god.
  5408 | D:1      | Reached skill level 7 in Spellcasting
  6474 | D:2      | Identified the +2 leather armour of Menor {rF+}
  7694 | D:5      | Found a basalt altar of Yredelemnul.
  8089 | D:7      | Found Qununiza's Distillery.
  8112 | D:7      | Bought a potion of degeneration for 14 gold pieces
  8228 | D:7      | Noticed Prince Ribbit
  8233 | D:7      | Killed Prince Ribbit
  8234 | D:7      | Reached skill level 1 in Armour
  8270 | D:7      | Noticed a wyvern
  8274 | D:7      | Killed a wyvern
  8276 | D:7      | Reached XP level 9. HP: 26/55 MP: 0/0
  8276 | D:7      | Learned a level 4 spell: Airstrike
  8464 | D:7      | Noticed Menkaure
  8467 | D:7      | Killed Menkaure
  8468 | D:7      | Reached skill level 8 in Spellcasting
  9504 | D:8      | Noticed Grum
  9510 | D:8      | Killed Grum
  9511 | D:8      | Reached skill level 9 in Spellcasting
 10131 | D:8      | Reached XP level 10. HP: 54/60 MP: 0/0
 10144 | D:8      | Reached skill level 10 in Spellcasting
 11975 | D:6      | Noticed a cyclops
 11982 | D:6      | Killed a cyclops
 12441 | D:6      | Reached skill level 11 in Spellcasting
 12555 | D:6      | Found a staircase to the Ecumenical Temple.
 12565 | Temple   | Entered the Ecumenical Temple
 12854 | Temple   | Became a worshipper of Hepliaklqana the Forgotten
 13617 | D:9      | Identified a scroll of acquirement
 13618 | D:9      | Acquired the ring "Karhoma" {rElec rN+}
 13622 | D:9      | Noticed an orange crystal statue
 13629 | D:9      | Killed an orange crystal statue
 13630 | D:9      | Reached XP level 11. HP: 37/66 MP: 0/0
 13630 | D:9      | Learned a level 5 spell: Summon Mana Viper
 14114 | D:9      | Found a runed translucent gate.
 14114 | D:9      | Found a runed translucent gate.
 14114 | D:9      | Found a runed translucent gate.
 14133 | D:9      | Noticed Gabide's ghost (journeyman HuMo)
 14148 | D:10     | Entered Level 10 of the Dungeon
 14213 | D:10     | Noticed a two-headed ogre
 14223 | D:10     | Killed a two-headed ogre
 14224 | D:10     | Reached skill level 12 in Spellcasting
 14803 | D:10     | Noticed Psyche
 14815 | D:10     | Killed Psyche
 15002 | D:10     | Reached * piety under Hepliaklqana
 15463 | D:10     | Found a staircase to the Orcish Mines.
 15675 | Orc:1    | Entered Level 1 of the Orcish Mines
 15679 | Orc:1    | Noticed Erica
 15683 | Orc:1    | Killed Erica
 15693 | Orc:1    | Noticed Erolcha
 15757 | Orc:1    | Killed Erolcha
 15758 | Orc:1    | Reached skill level 13 in Spellcasting
 15921 | Orc:1    | Noticed an orc sorcerer
 15925 | Orc:1    | Killed an orc sorcerer
 15927 | Orc:1    | Noticed an orc knight
 15943 | Orc:1    | Killed an orc knight
 15944 | Orc:1    | Reached XP level 12. HP: 6/63 MP: 0/0
 15946 | Orc:1    | Noticed Nergalle
 15952 | Orc:1    | Slain by a spectral orc warrior

Illustrated notes

Levels and vault maps discovered:
D:1:      elethiomel_arrival_shortcut, layout_loops_ring,
          ebering_ecumenical_altar_mist, minmay_gold_behind_fungi,
          minmay_pentomino_r4
D:2:      layout_loops_corners
D:3:      layout_loops_corners, chequers_serial_rivers_room_b
D:4:      layout_loops_cross, minitemple, nicolae_take_the_stairs
D:5:      layout_rooms, kennysheep_mini_moat, uniq_eustachio
D:6:      layout_rooms, minmay_temple_entry_mini_moons, serial_aquarium,
          aquarium_bridge_square [aquarium_subvault_bridge,
          aquarium_subvault_window, aquarium_subvault_wall,
          aquarium_subvault_wall], aquarium_window_2, aquarium_window_fake,
          aquarium_window_corner, aquarium_window_fake, aquarium_view_4,
          aquarium_balcony_double_4, kennysheep_donut,
          chequers_serial_rivers_large_a, minmay_divided_ellipse
D:7:      layout_cave_pods, serial_shops, nicolae_shop_crystal,
          uniq_prince_ribbit1, uniq_menkaure
D:8:      layout_gridville, uniq_grum
D:9:      layout_loops_ring, marbit_many_paths, lair_entry_dummy,
          gammafunk_ghost_spectres, grunt_decor_fettered, minmay_statue_bubble
D:10:     layout_roguey, erik_orc_1, uniq_psyche
Temple:   dpeg_five_rooms_temple
Orc:1:    layout_caves, nicolae_orc_stony_grotto, uniq_erolcha, uniq_nergalle,
          uniq_erica

Skill      XL: |  1  2  3  4  5  6  7  8  9 10 11 |
---------------+----------------------------------+-----
Spellcasting   | 3 4 5 6 7 9 11 13 | 13.5
Stealth        | 2 3 |  3.5
Armour         | 1 3 |  3.9
Dodging        | 3 |  3.3
Fighting       | |  0.8

Action                   |  1- 3 |  4- 6 |  7- 9 | 10-12 || total
-------------------------+-------+-------+-------+-------++-------
 Cast: Foxfire           |    58 |    36 |   171 |   147 ||   412
       Scorch            |    10 |     5 |    43 |    46 ||   104
       Pain              |    14 |     4 |    15 |    12 ||    45
       Inner Flame       |       |     6 |    63 |    79 ||   148
       Blink             |       |       |     3 |       ||     3
       Flame Wave        |       |       |     1 |       ||     1
       Airstrike         |       |       |     2 |    37 ||    39
       Conjure Flame     |       |       |     2 |       ||     2
       Summon Mana Viper |       |       |       |    15 ||    15
  Use: Scroll            |       |       |     7 |     4 ||    11
Armor: Robe              |     1 |       |     3 |       ||     4
       Leather armour    |       |       |     4 |    10 ||    14
Dodge: Dodged            |     7 |     1 |     9 |    24 ||    41
